 Dungeon Crawl Stone Soup version 0.28.0-45-g0d030f2227 (webtiles) character file.

Game seed: 8639906833654621528

290 pkoi the Gusty (level 5, 0/57 HPs)
             Began as a Demigod Air Elementalist on Apr 21, 2022.
             Slain by a gnoll shaman
             ... wielding a +0 club
              (7 damage)
             ... on level 3 of the Dungeon.
             The game lasted 00:06:19 (4911 turns).

pkoi the Gusty (Demigod Air Elementalist)           Turns: 4911, Time: 00:06:20

Health: 0/57       AC: 22    Str:  9    XL:     5   Next: 83%
Magic:  1/10       EV:  2    Int: 21    God:
Gold:   154        SH:  0    Dex: 14    Spells: 2/8 levels left

rFire   . . .      SeeInvis .   b - +0 dagger
rCold   . . .      Faith    .   (no shield)
rNeg    . . .      Spirit   .   (armour currently unavailable)
rPois   +          Reflect  .   (helmet currently unavailable)
rElec   .          Harm     .   (cloak currently unavailable)
rCorr   .          Rampage  .   (gloves currently unavailable)
Will    .....      NoTele   +   (boots currently unavailable)
Stlth   ++........              c - amulet of regeneration
HPRegen 0.99/turn               (no ring)
MPRegen 0.12/turn               (no ring)

@: tree-form
A: stationary, stasis, torment immunity, boosted hp, high MP 1, forlorn, divine
attributes
a: no special abilities


You were on level 3 of the Dungeon.
You were a tree.
You visited 1 branch of the dungeon, and saw 4 of its levels.

You collected 154 gold pieces.

Inventory:

Hand Weapons
 b - a +0 dagger (weapon)
Armour
 a - a +0 robe (melded)
 j - a +0 cloak (melded)
Jewellery
 c - an amulet of regeneration (around neck)
Wands
 d - a wand of polymorph (8)
Scrolls
 g - a scroll of brand weapon
 h - a scroll of teleportation
 i - a scroll of magic mapping
Potions
 f - a potion of curing
 k - a potion of cancellation {unknown}
 l - a potion of might {unknown}
 m - a potion of flight {unknown}


   Skills:
 - Level 1.7 Dodging
 - Level 1.7 Stealth
 - Level 2.0 Spellcasting
 - Level 2.0 Conjurations
 + Level 5.9 Air Magic


You had 2 spell levels left.
You knew the following spells:

 Your Spells              Type           Power      Damage    Failure   Level
a - Shock                 Conj/Air       72%        1d7       3%          1
b - Static Discharge      Conj/Air       18%        N/A       4%          2
c - Swiftness             Air            26%        N/A       3%          3

Your spell library contained the following spells:

 Spells                   Type           Power      Damage    Failure   Level
 Airstrike                Air            13%        N/A       13%         4


Dungeon Overview and Level Annotations

Branches:
Dungeon (4/15)
 Temple: D:4-7


Innate Abilities, Weirdness & Mutations

You are a tree.
Your roots penetrate the ground, keeping you stationary.
You cannot be teleported.
You are immune to unholy pain and torment.
Your maximum health is greatly increased.
Your equipment is partially melded.
You have an increased reservoir of magic. (+10% MP)
You shall have no god before yourself.
Your divine heritage dramatically boosts your attributes as you level up.


Message History

Unknown command.
Aiming: Shock (safe; 3% risk of failure)
Press: ? - help, Q - select action, (/) - cycle Shift-Dir - straight line The zap hits the gnoll.
You kill the gnoll!
The gnoll shaman hits you with a +0 club.
* * * LOW HITPOINT WARNING * * *
It was a potion of lignification.
You turn into a tree.
Your +0 cloak melds into your body.
Your +0 robe melds into your body.
Your roots penetrate the ground.
The gnoll shaman hits you but does no damage.
You barely miss the gnoll shaman.
The gnoll shaman is moderately wounded.
The gnoll shaman hits you but does no damage.
You barely miss the gnoll shaman.
The gnoll shaman is moderately wounded.
The gnoll shaman hits you with a +0 club.
* * * LOW HITPOINT WARNING * * *
Aiming: Shock (safe; 3% risk of failure)
Press: ? - help, Q - select action, (/) - cycle Shift-Dir - straight line The zap misses the gnoll shaman.
The gnoll shaman hits you but does no damage.
Unknown command.
You don't have enough magic to cast this spell.
You don't have enough magic to cast this spell.
Unknown command.
Okay, then.
Okay, then.
Aiming: Polymorph
Press: ? - help, Shift-Dir - straight line, f - gnoll shaman
Aim: a gnoll shaman, wielding a +0 club and wearing a +0 leather armour (moderately wounded, will become a quokka, a boggart, or an orc, chance to affect: 49%)
The gnoll shaman resists with some effort.
The gnoll shaman hits you but does no damage.
You hit the gnoll shaman but do no damage.
The gnoll shaman is moderately wounded.
The gnoll shaman hits you but does no damage.
You hit the gnoll shaman but do no damage.
The gnoll shaman is moderately wounded.
The gnoll shaman hits you with a +0 club!
You die...

### #######.# #.......#
#.#####.# #.# #.#
#########.#####.#
#.............#.#
############.#############.#
...............)♣g.........#
########.###.###############
#.# #.# #.# #.#
########.###.#
..........##.####
..........#.....#
†.........#.....#
..........#.....#


You could see a gnoll shaman.

Vanquished Creatures
  A necrophage (D:3)
  A hound (D:4)
  An orc wizard (D:4)
  3 adders
  2 gnolls
  3 worms
  3 dart slugs
  12 orcs
  7 bats
  4 endoplasms
  5 giant cockroaches
  8 goblins
  6 hobgoblins
  3 jackals (D:1)
  8 ball pythons
  A frilled lizard (D:2)
  3 kobolds
  6 rats
  A spectral hobgoblin (D:2)
78 creatures vanquished.

Notes
Turn   | Place    | Note
-------+----------+-------------------------------------------
     0 | D:1      | pkoi the Demigod Air Elementalist began the quest for the
                  | Orb.
     0 | D:1      | Reached XP level 1. HP: 14/14 MP: 5/5
   343 | D:1      | Reached skill level 1 in Conjurations
   709 | D:1      | Reached XP level 2. HP: 20/20 MP: 2/7
   757 | D:1      | Reached skill level 3 in Air Magic
  1767 | D:2      | Reached XP level 3. HP: 26/26 MP: 6/8
  2853 | D:3      | Reached skill level 4 in Air Magic
  2856 | D:3      | Learned a level 2 spell: Static Discharge
  2860 | D:3      | Learned a level 3 spell: Swiftness
  3245 | D:3      | Reached XP level 4. HP: 33/33 MP: 6/9
  3898 | D:4      | Noticed a necrophage
  3923 | D:3      | Killed a necrophage
  3924 | D:3      | Reached skill level 5 in Air Magic
  3924 | D:3      | Reached XP level 5. HP: 34/38 MP: 0/10
  4911 | D:3      | Slain by a gnoll shaman

Illustrated notes

Levels and vault maps discovered:
D:1:      nicolae_arrival_memento_mori, layout_loops_cross
D:2:      layout_basic, dreamdust_ecumenical_altar_drowned_temple
D:3:      layout_basic
D:4:      layout_cave_pools

Skill      XL: |  1  2  3  4 |
---------------+-------------+-----
Conjurations   | 1 2 |  2.0
Spellcasting   | 2 |  2.0
Air Magic      | 3 4 5 |  5.9
Dodging        | |  1.7
Stealth        | |  1.7

Action                   |  1- 3 |  4- 6 || total
-------------------------+-------+-------++-------
Melee: Dagger            |    32 |    24 ||    56
       Punch             |     2 |     1 ||     3
 Cast: Shock             |   104 |    98 ||   202
Evoke: Wand              |       |     1 ||     1
  Use: Scroll            |     1 |     5 ||     6
       Potion            |       |     1 ||     1
Armor: Robe              |    10 |     9 ||    19
       Skin              |       |     5 ||     5
Dodge: Dodged            |    29 |    40 ||    69
